 Dungeon Sprint DCSS version 0.15-a0-1403-g2cecdf4 (webtiles) character file.

353 PolkaDot the Unseen (level 6, -5/44 HPs)
             Began as a Vampire Assassin on June 11, 2014.
             Was an Initiate of Qazlal.
             Slain by Sonja
             ... wielding a +0,+0 short sword of distortion
              (19 damage)
             ... in the Dungeon (Sprint I: "Red Sonja").
             The game lasted 00:02:21 (1392 turns).

PolkaDot the Unseen (Vampire Assassin)              Turns: 1392, Time: 00:02:22

HP  -5/44        AC  3     Str 10      XL: 6   Next: 35%
MP   6/6         EV 16     Int 13      God: Qazlal [......]
Gold 62          SH  0     Dex 17      Spells:  0 memorised,  5 levels left

rFire  . . .     SeeInvis +     a - +2 dagger
rCold  + . .     Clarity  .     c - +0 robe
rNeg   + + .     rCorr    .     (no shield)
rPois  +         rRot     +     (no helmet)
rElec  .         Spirit   .     d - +0 cloak
SustAb .         Warding  .     (no gloves)
rMut   .         NoTele   +     (no boots)
Gourm  .                        (no amulet)
MR     .....                    (no ring)
                                (no ring)

@: regenerating slowly, not resistant to hostile enchantments, extraordinarily
stealthy
A: bottle blood, fangs 3, see invisible, unbreathing
a: Bat Form, Bottle Blood, Renounce Religion


You were in the Dungeon.
You worshipped Qazlal.
Qazlal was noncommittal.
You were thirsty.

You visited 1 branch You collected 172 gold pieces.
You spent 110 gold pieces at shops.

Inventory:

Hand weapons
 a - a +2,+2 dagger (weapon)
 b - a +0 blowgun
Missiles
 e - 7 poisoned needles
 f - 2 curare-tipped needles
Armour
 c - a +0 robe (worn)
 d - a +0 cloak (worn)
Magical devices
 n - a wand of digging (9) {unknown}
Scrolls
 i - a scroll of magic mapping {unknown}
 m - a scroll of blinking
 o - a scroll of acquirement {unknown}
 p - 2 scrolls of random uselessness {unknown}
 q - a scroll of remove curse {unknown}
 r - a scroll of amnesia {unknown}
Potions
 g - a potion of blood {@w2}
 h - a potion of curing
 j - a potion of haste
 k - 2 potions of magic
 l - 2 potions of berserk rage


   Skills:
 - Level 1.7 Fighting
 - Level 6.0 Short Blades
 - Level 1.5 Throwing
 + Level 6.4 Dodging
 * Level 16.7 Stealth


You had 5 spell levels left.
You didn't know any spells.

Dungeon Overview and Level Annotations

Branches:
Dungeon (1/1)

Altars:
Elyvilon
Gozag
Kikubaaqudgha
Makhleb
Nemelex Xobeh
Okawaru
Qazlal
Sif Muna
Trog
Vehumet
Xom
Yredelemnul
Zin
The Shining One

Shops:
D *

Annotations:
D Sonja


Innate Abilities, Weirdness & Mutations

You heal slowly.
You can bottle blood from corpses.
You have razor-sharp teeth.*
You have supernaturally acute eyesight.
You can survive without breathing.*


Message History

You kneel at the altar of Qazlal.
Qazlal welcomes you!
Qazlal will now protect you from your own clouds.
There is an entrance to Ucuppez's Assorted Antiques here.
i - a scroll labeled BETYN OCOKAOQ;
p - 2 scrolls labeled VEIRIO NEGU
q - a scroll labeled DOHEKH MEUCZAOBEMA;
r - a scroll labeled THIUWN MABBAE Thank you for shopping at Ucuppez's Assorted Antiques!
Read which item? (? for menu, Esc to quit)
Okay, then.
There is an open door, spattered with blood here.
There is a radiant altar of Vehumet here.
You open the door.
Sonja, the Graceful Assassin comes into view.
She is wielding a glowing short sword.
Found 54 gold pieces.
Found 54 gold pieces.
There is an open door here.
Sonja shouts!
Sonja hits you with a glowing short sword!
Space warps horribly around you!
You die...

#..#####'#####'#
#..####..#...#.#
#..#__####..##.#
#..#_..._##'#..+
#⌠⌠#_.∩...'..._#
####_..._##_.#+#
#_____###'#
#########.##


+$@$+ #$K$# ##.## #+# You could see Sonja.

Vanquished Creatures
  A yak (D)
  An ogre (D)
  Sigmund (D)
  A jelly (D)
  Ijyb (D)
5 creatures vanquished.

Vanquished Creatures (others)
  A gargoyle (D)
1 creature vanquished.

Grand Total: 6 creatures vanquished

Notes
Turn   | Place    | Note
--------------------------------------------------------------
     0 | D        | PolkaDot, the Vampire Assassin, began the quest for the Orb.
     0 | D        | Reached XP level 1. HP: 16/16 MP: 1/1
   409 | D        | Killed a gargoyle
  1283 | D        | Noticed Ijyb
  1285 | D        | Killed Ijyb
  1285 | D        | Reached skill level 8 in Stealth
  1285 | D        | Reached XP level 2. HP: 22/22 MP: 2/2
  1288 | D        | Noticed an ogre
  1290 | D        | Killed an ogre
  1290 | D        | Reached skill level 12 in Stealth
  1290 | D        | Reached XP level 3. HP: 27/27 MP: 3/3
  1290 | D        | Reached XP level 4. HP: 33/33 MP: 4/4
  1302 | D        | Noticed Sigmund
  1304 | D        | Killed Sigmund
  1304 | D        | Reached skill level 14 in Stealth
  1304 | D        | Reached XP level 5. HP: 38/38 MP: 5/5
  1319 | D        | Found a deep blue altar of Sif Muna.
  1320 | D        | Noticed a jelly
  1321 | D        | Found a radiant altar of Vehumet.
  1325 | D        | Killed a jelly
  1351 | D        | Found Ucuppez's Assorted Antiques.
  1351 | D        | Found a white marble altar of Elyvilon.
  1351 | D        | Found a stormy altar of Qazlal.
  1351 | D        | Found a burning altar of Makhleb.
  1351 | D        | Found a basalt altar of Yredelemnul.
  1351 | D        | Found a glowing golden altar of the Shining One.
  1351 | D        | Found a sparkling altar of Nemelex Xobeh.
  1351 | D        | Found a shimmering altar of Xom.
  1351 | D        | Found an opulent altar of Gozag.
  1351 | D        | Found an ancient bone altar of Kikubaaqudgha.
  1351 | D        | Found a glowing silver altar of Zin.
  1351 | D        | Noticed a yak
  1366 | D        | Killed a yak
  1366 | D        | Reached skill level 16 in Stealth
  1366 | D        | Reached XP level 6. HP: 20/44 MP: 6/6
  1367 | D        | Found an iron altar of Okawaru.
  1369 | D        | Found a bloodstained altar of Trog.
  1380 | D        | Became a worshipper of Qazlal Stormbringer
  1383 | D        | Bought a scroll labeled BETYN OCOKAOQ for 22 gold pieces
  1383 | D        | Bought 2 scrolls labeled VEIRIO NEGU for 44 gold pieces
  1383 | D        | Bought a scroll labeled DOHEKH MEUCZAOBEMA for 22 gold pieces
  1383 | D        | Bought a scroll labeled THIUWN MABBAE for 22 gold pieces
  1389 | D        | Noticed Sonja
  1392 | D        | Slain by Sonja

Action                   |  1- 3 |  4- 6 || total
-------------------------+-------+-------++-------
Melee: Dagger            |     2 |    10 ||    12
 Fire: Blowgun           |       |     4 ||     4
  Use: Potion            |       |     1 ||     1
 Stab: Sleeping          |     2 |     2 ||     4
